 Dungeon Crawl Stone Soup version 0.17-a0-1667-g4ca74a1 (webtiles) character file.

180 st0uf the Gusty (level 5, -4/29 HPs)
             Began as a Tengu Air Elementalist on Aug 17, 2015.
             Killed from afar by Terence (5 damage)
             ... with a wand of frost
             ... on level 3 of the Dungeon.
             The game lasted 00:33:00 (2776 turns).

st0uf the Gusty (Tengu Air Elementalist)            Turns: 2776, Time: 00:33:01

Health: -4/29      AC:  1    Str:  8    XL:     5   Next: 60%
Magic:  3/10       EV: 13    Int: 16    God:
Gold:   155        SH:  0    Dex: 15    Spells: 2 memorised, 7 levels left

rFire  . . .     SeeInvis .     n - +2 quarterstaff (chaos)
rCold  . . .     Clarity  .     (no armour)
rNeg   . . .     SustAt   .     (no shield)
rPois  .         Gourm    .     (helmet restricted)
rElec  .         Spirit   .     s - +0 cloak
rCorr  .         Warding  .     (no gloves)
rMut   .         Stasis   .     (boots unavailable)
MR     .....                    (no amulet)
Stlth  ++........               (no ring)
                                e - ring of flight

@: very slightly contaminated, invisible, not resistant to hostile enchantments,
unstealthy
A: beak, talons 3, able to fly 1
a: Fly, Evoke Flight


You were on level 3 of the Dungeon.
You were hungry.

You visited 1 branch of the dungeon, and saw 3 of its levels.

You collected 155 gold pieces.

Inventory:

Hand weapons
 n - a +2 quarterstaff of chaos (weapon)
Armour
 a - a +0 robe
 m - a +0 chain mail
 s - a +0 cloak (worn)
Jewellery
 e - a ring of flight (left hand)
Scrolls
 d - a scroll of amnesia {unknown}
 j - a scroll of fog {unknown}
 k - a scroll of noise {unknown}
 o - 3 scrolls of identify {unknown}
 q - 2 scrolls of teleportation {unknown}
 r - 2 scrolls of enchant armour {unknown}
 t - a scroll of blinking
Potions
 g - a potion of curing {unknown}
 i - a potion of agility
Books
 b - a book of Air

   Spells                             Type                      Level
   a - Shock                          Conjuration/Air              1
   b - Swiftness                      Charms/Air                   2
   c - Repel Missiles                 Charms/Air                   2
   d - Static Discharge               Conjuration/Air              3
   e - Lightning Bolt                 Conjuration/Air              5
Comestibles
 c - 2 bread rations
 f - 2 beef jerkies
 h - 3 meat rations
 l - 3 fruits
 p - a slice of pizza


   Skills:
 * Level 1.3 Fighting
 * Level 0.2 Staves
 + Level 2.5 Dodging
 + Level 2.1 Stealth
 * Level 3.0 Spellcasting
 * Level 3.7 Conjurations
 * Level 5.4 Air Magic


You had 7 spell levels left.
You knew the following spells:

 Your Spells              Type           Power        Failure   Level  Hunger
a - Shock                 Conj/Air       ###.         3%          1    #......
b - Swiftness             Chrm/Air       ##......     12%         2    ##.....


Dungeon Overview and Level Annotations

Branches:
Dungeon (3/15)

Altars:
Cheibriados

Annotations:
D:3 Terence


Innate Abilities, Weirdness & Mutations

You have a beak for a mouth.
You have claws for feet.
You can fly.


Message History

Press: ? - help, Shift-Dir - straight line, f/p - orc
Aim: an orc, wielding a mace and wearing a glowing leather armour (heavily wounded)
The zap misses the orc priest.
The zap hits Terence.
Terence is lightly wounded.
The zap hits the orc.
The orc is severely wounded.
The orc priest mumbles some strange prayers to Beogh against you.
Pain shoots through your body!
* * * LOW HITPOINT WARNING * * *
Drink which item? (? for menu, Esc to quit)
Okay, then.
Drink which item? (? for menu, Esc to quit)
You fade into invisibility!
The orc priest barely misses you.
You are very lightly contaminated with residual magic.
An orc priest comes into view. It is wielding a flail.
A kobold comes into view. It is wielding a falchion.
The orc priest calls upon Beogh to heal the orc.
The orc is healed somewhat.
Terence zaps a wand.
The puff of frost hits you!
You die...

.#.#.#[#.....# ....
..........# ....#
.#.#.#.#..# ....#
..........# #(..#
.#.#.#.#.## #...#
##.....#.######..K######.
###....#.................
# #.####.................
# #....##.......@.......#
# ####.########...######
#<# #...# #.# #.@.# #.#
#o..# #.### ####(.o#
.....##..(...#
#.##....(o#.##
...##....#.#.#


You could see Terence, 2 orc priests, an orc and a kobold (wandering).

Vanquished Creatures
  Crazy Yiuf (D:2)
  Natasha (D:2)
  7 adders (D:2)
  An ooze (D:1)
  A worm (D:3)
  2 giant geckos (D:2)
  An orc (D:3)
  A ball python (D:1)
  6 bats
  6 giant cockroaches
  7 hobgoblins
  A jackal (D:3)
  7 kobolds
  2 quokkas (D:2)
  3 giant newts
  2 goblins
  6 rats
55 creatures vanquished.

Notes
Turn   | Place    | Note
--------------------------------------------------------------
     0 | D:1      | st0uf the Tengu Air Elementalist began the quest for the Orb.
     0 | D:1      | Reached XP level 1. HP: 10/10 MP: 4/4
   386 | D:1      | Reached XP level 2. HP: 10/15 MP: 0/6
   450 | D:1      | Learned a level 2 spell: Swiftness
  1076 | D:1      | Reached XP level 3. HP: 19/19 MP: 5/7
  1252 | D:2      | Found a snail-covered altar of Cheibriados.
  1395 | D:2      | Noticed Natasha
  1402 | D:2      | Killed Natasha
  1402 | D:2      | Reached skill level 5 in Air Magic
  1421 | D:2      | Reached XP level 4. HP: 4/24 MP: 2/8
  1709 | D:2      | Noticed Crazy Yiuf
  1767 | D:2      | Killed Crazy Yiuf
  2195 | D:2      | Reached skill level 1 in Fighting
  2195 | D:2      | Gained mutation: You can fly. [Tengu growth]
  2195 | D:2      | Reached XP level 5. HP: 27/29 MP: 5/10
  2745 | D:3      | Noticed Terence
  2771 | D:3      | HP: 1/29 [orc priest/nerve-wracking pain (4)]
  2776 | D:3      | Killed from afar by Terence

Vault maps used:
D:1:      minmay_arrival_checkered_box
D:2:      old_standard_altar, uniq_natasha, uniq_crazy_yiuf_cottage
D:3:      first_bread, st_stairs_12, bh_chokoban, uniq_robin, uniq_terence

Action                   |  1- 3 |  4- 6 || total
-------------------------+-------+-------++-------
Melee: Unarmed           |     3 |       ||     3
       Quarterstaff      |       |    12 ||    12
 Cast: Shock             |    56 |    69 ||   125
       Swiftness         |     1 |       ||     1
  Use: Potion            |     2 |     1 ||     3
       Scroll            |       |     2 ||     2
  Eat: Chunk             |     3 |     2 ||     5
       Pizza             |       |     1 ||     1
